 Dungeon Crawl Stone Soup version 0.31-a0-949-g57150269e1 (webtiles) character file.

Game seed: 6314091807730147022

3240 IdlyInterested the Slicer (level 9, -7/108 HPs)
             Began as a Demonspawn Fighter on Oct 21, 2023.
             Mangled by an eight-headed hydra (11 damage)
             ... on level 7 of the Dungeon.
             The game lasted 00:22:48 (7617 turns).

IdlyInterested the Slicer (Demonspawn Fighter)      Turns: 7617, Time: 00:22:48

Health: -7/108     AC: 11    Str: 16    XL:     9   Next: 67%
Magic:  9/9        EV: 17    Int: 11    God:
Gold:   393        SH:  0    Dex: 22    Spells: 8/8 levels left

rFire   . . .        a - +0 rapier (elec)
rCold   . . .        (no shield)
rNeg    . . .        C - +2 ring mail {Will+}
rPois   .            x - +0 helmet
rElec   .            r - +0 cloak
rCorr   .            (no gloves)
SInv    .            (no boots)
Will    +....        j - amulet of magic regeneration Stlth
                     m - +6 ring of dexterity
HPRegen 0.38/turn    b - +5 ring of evasion
MPRegen 0.51/turn

%: no passive effects
@: berserking, very quick
A: yellow scales 1, spiny 1, demonic touch 1
a: no special abilities


You were on level 7 of the Dungeon.
You visited 2 branches of the dungeon, and saw 8 of its levels.

You collected 393 gold pieces.

Inventory:

Hand Weapons
 a - a +0 rapier of electrocution (weapon)
 y - a +2 dagger of flaming
Missiles
 f - 12 boomerangs
 s - 4 atropa-tipped darts
 u - 28 stones (quivered)
 z - 4 poisoned darts
 E - 6 datura-tipped darts
Armour
 n - a +0 hat
 r - a +0 cloak (worn)
 x - a +0 helmet (worn)
 C - a +2 ring mail of willpower (worn)
Magical Staves
 o - the staff "Gul Dopi" {rPois Dex+3 Poison}
   (You found it on level 4 of the Dungeon)

   [staff of poison]

   Base accuracy: +5 Base damage: 5 Base attack delay: 1.2 This weapon's minimum
   attack delay (0.6) is reached at skill level 12.
   Dex+3:     It affects your dexterity (+3).
   rPois:     It protects you from poison Poison: It increases the power of your
   Poison spells.
   It falls into the 'Staves' category.
   It is a one-handed weapon.
 A - a staff of cold
Jewellery
 b - a +5 ring of evasion (right hand)
 g - a ring of protection from fire
 j - an amulet of magic regeneration (around neck)
 m - a +6 ring of dexterity (left hand)
 F - a ring of wizardry
Talismans
 l - a beast talisman
Wands
 c - a wand of digging (3)
 k - a wand of paralysis (8)
 v - a wand of light (20)
 B - a wand of flame (19)
Scrolls
 d - a scroll of amnesia
 h - a scroll of blinking
 t - 4 scrolls of immolation
 w - 4 scrolls of teleportation
 G - a scroll of fear
Potions
 e - a potion of mutation
 i - 2 potions of brilliance
 q - a potion of enlightenment
 D - 2 potions of curing
 H - a potion of resistance {unknown}


   Skills:
 + Level 7.6 Fighting
 * Level 10.2 Short Blades
 - Level 1.1 Throwing
 - Level 3.0 Armour
 - Level 3.0 Dodging
 - Level 1.0 Stealth
 - Level 2.6 Shields
 - Level 1.0 Evocations


You had 8 spell levels left.
You didn't know any spells.
Your spell library contained the following spells:

 Spells                   Type           Power      Damage    Failure   Level
 Lesser Beckoning         Tloc           0%         N/A       69%         2
 Gell's Gravitas          Tloc           0%         N/A       89%         3
 Teleport Other           Tloc           0%         N/A       89%         3
 Summon Ice Beast         Ice/Summ       0%         N/A       100%        4
 Summon Mana Viper        Hex/Summ       0%         N/A       100%        5
 Monstrous Menagerie      Summ           0%         N/A       100%        7


Dungeon Overview and Level Annotations

Branches:
Dungeon (7/15)             Temple (1/1) D:4

Altars:
Ashenzari
Cheibriados
Dithmenos
Gozag
Hepliaklqana
Kikubaaqudgha
Makhleb
Nemelex Xobeh
Okawaru
Qazlal
Ru
Sif Muna
Uskayaw
Vehumet
Wu Jian
Xom
Yredelemnul

Shops:
D:1 =   D:7 [

Annotations:
D:7 soul19's ghost, novice DsFi


Innate Abilities, Weirdness & Mutations

You are partially covered in yellow scales. (AC +2)
You are partially covered in sharp spines.
Your touch may inflict minor irresistible damage on your foes.


Message History

The eight-headed hydra bites you!
The eight-headed hydra completely misses you.
The eight-headed hydra bites you.
The eight-headed hydra bites you but does no damage.
The eight-headed hydra bites you! The eight-headed hydra bites you.
The eight-headed hydra misses you.
The eight-headed hydra closely misses you.
You completely miss the eight-headed hydra.
The eight-headed hydra bites you!
The eight-headed hydra closely misses you.
The eight-headed hydra bites you.
The eight-headed hydra bites you but does no damage. x2
The eight-headed hydra bites you. The eight-headed hydra bites you!
The eight-headed hydra misses you.
You barely miss the eight-headed hydra.
You touch the eight-headed hydra!
The eight-headed hydra is lightly wounded.
You hit the eight-headed hydra.
The eight-headed hydra is lightly wounded.
The eight-headed hydra is struck by your spines.
The eight-headed hydra bites you! x2; The eight-headed hydra bites you.
The eight-headed hydra closely misses you.
The eight-headed hydra bites you!
* * * LOW HITPOINT WARNING * * *
The eight-headed hydra closely misses you.
The eight-headed hydra misses you.
The eight-headed hydra bites you but does no damage.
You puncture the eight-headed hydra!
You touch the eight-headed hydra!
The eight-headed hydra is heavily wounded.
You impale the eight-headed hydra!!
The eight-headed hydra is almost dead.
The eight-headed hydra is struck by your spines.
The eight-headed hydra bites you.
* * * LOW HITPOINT WARNING * * *
The eight-headed hydra bites you.
* * * LOW HITPOINT WARNING * * *
The eight-headed hydra bites you!
* * * LOW HITPOINT WARNING * * *
The eight-headed hydra barely misses you.
The eight-headed hydra bites you!
You die...

#...####...# #.....##...#
#######.....##...################
>.....'......'...'...............
.######.....##...################
.#..........################
.#..........+..............##
.#..........########..###...#####
.#####......#...@Df5.............
.# #.######.####WY.............
.# #.# ####+####..###'''###....
.# #.# #......##..#.......#....
.#####.###......##..#.......#....
.##....#.+......'...#.......#....
.##....#.#......##..#....$..#....
.##....#........+...#.......#..##
.......#........##..#..?!?..#..##


You could see an eight-headed hydra, an ice beast, a sleepcap, soul19's ghost
and an ufetubus.

Vanquished Creatures
  Pikel (D:6)
  An unseen horror (D:6)
  Grinder (D:6)
  Menkaure (D:4)
  3 water moccasins (D:7)
  2 black bears
  An orc warrior (D:6)
  3 ice beasts
  2 centaurs
  Blork the orc (D:6)
  5 scorpions
  A howler monkey (D:5)
  4 hounds
  2 orc priests
  2 jellies
  2 sleepcaps
  Ijyb (D:3)
  Natasha (thrice) (D:3)
  2 iguanas
  3 orc wizards
  Robin (D:3)
  9 adders
  2 shadow imps
  6 ufetubi
  A worm (D:2)
  A dart slug (D:4)
  22 orcs
  A bat (D:1)
  6 endoplasms
  2 giant cockroaches
  13 goblins
  10 hobgoblins
  3 quokkas
  10 ball pythons
  A frilled lizard (D:3)
  10 kobolds
  8 rats
147 creatures vanquished.

Vanquished Creatures (others)
  An orc wizard (D:5)
1 creature vanquished.

Grand Total: 148 creatures vanquished

Notes
Turn   | Place    | Note
-------+----------+-------------------------------------------
     0 | D:1      | IdlyInterested the Demonspawn Fighter began the quest for
                  | the Orb.
     0 | D:1      | Reached XP level 1. HP: 18/18 MP: 1/1
    58 | D:1      | Found Oqyukiod's Jewellery Boutique.
   142 | D:1      | Reached skill level 2 in Short Blades
   224 | D:1      | Gained mutation: You are partially covered in sharp spines.
                  | [demonic ancestry]
   224 | D:1      | Reached XP level 2. HP: 24/24 MP: 2/2
  1002 | D:2      | Reached XP level 3. HP: 29/29 MP: 3/3
  1460 | D:2      | Reached skill level 3 in Short Blades
  1606 | D:2      | Reached skill level 1 in Throwing
  2166 | D:3      | Noticed Ijyb
  2186 | D:3      | Killed Ijyb
  2187 | D:3      | Gained mutation: You are partially covered in yellow
                  | scales. (AC +2) [demonic ancestry]
  2187 | D:3      | Reached XP level 4. HP: 18/35 MP: 4/4
  2298 | D:3      | Reached skill level 1 in Evocations
  2307 | D:3      | Noticed Robin
  2335 | D:3      | Killed Robin
  2410 | D:3      | Reached skill level 4 in Short Blades
  2440 | D:3      | You fall into a shaft and drop 2 floors!
  2440 | D:5      | Entered Level 5 of the Dungeon
  2453 | D:5      | Reached skill level 1 in Stealth
  2453 | D:5      | Reached XP level 5. HP: 40/41 MP: 5/5
  2460 | D:5      | Noticed a centaur
  2478 | D:5      | Killed a centaur
  2479 | D:5      | Reached skill level 1 in Dodging
  2483 | D:5      | Reached skill level 5 in Short Blades
  2483 | D:5      | Reached XP level 6. HP: 21/47 MP: 6/6
  3644 | D:3      | Noticed Natasha
  3654 | D:3      | Killed Natasha
  3845 | D:4      | Identified the staff "Gul Dopi" {rPois Dex+3 Poison}
  3900 | D:3      | Noticed Natasha
  3911 | D:3      | Killed Natasha
  3912 | D:3      | Reached XP level 7. HP: 45/53 MP: 7/7
  3927 | D:3      | Noticed Natasha
  3933 | D:3      | Killed Natasha
  3934 | D:3      | Reached skill level 6 in Short Blades
  4142 | D:4      | HP: 2/54 [poisoned by a scorpion]
  4323 | D:4      | Found a staircase to the Ecumenical Temple.
  4333 | Temple   | Entered the Ecumenical Temple
  4367 | D:4      | Noticed Menkaure
  4378 | D:4      | Killed Menkaure
  5641 | D:5      | Reached skill level 5 in Fighting
  5641 | D:5      | Reached skill level 7 in Short Blades
  5683 | D:5      | Gained mutation: Your touch may inflict minor irresistible
                  | damage on your foes. [demonic ancestry]
  5683 | D:5      | Reached XP level 8. HP: 60/63 MP: 8/8
  6046 | D:6      | Noticed Grinder
  6064 | D:6      | Killed Grinder
  6229 | D:6      | Noticed Pikel
  6247 | D:6      | Killed Pikel
  6248 | D:6      | Reached skill level 8 in Short Blades
  6372 | D:6      | Reached XP level 9. HP: 72/72 MP: 9/9
  6469 | D:6      | Noticed Blork the orc
  6478 | D:6      | Killed Blork the orc
  6493 | D:6      | Reached skill level 9 in Short Blades
  6891 | D:7      | Noticed an eight-headed hydra
  6895 | D:7      | Noticed soul19's ghost (novice DsFi)
  6920 | D:7      | Found a runed translucent gate.
  6920 | D:7      | Found a runed translucent gate.
  6943 | D:6      | Killed an unseen horror
  6980 | D:7      | Found an ornate altar of the Wu Jian Council.
  7355 | D:7      | Reached skill level 10 in Short Blades
  7361 | D:7      | Found Roask's Armour Boutique.
  7394 | D:7      | Found a runed translucent gate.
  7617 | D:7      | HP: 4/108 [eight-headed hydra (11)]
  7617 | D:7      | Mangled by an eight-headed hydra

Illustrated notes

Levels and vault maps discovered:
D:1:      amcnicky_arrival_double_pillar, layout_basic, serial_shops,
          nicolae_shop_gaudy_bauble
D:2:      layout_loops_corners, minmay_misc_feat_plants
D:3:      layout_basic, grunt_ministairs_12, serial_bayou_pond_b, uniq_natasha,
          uniq_robin, uniq_ijyb
D:4:      layout_gridville, minmay_temple_entry_grid, minmay_fountain_box,
          uniq_menkaure
D:5:      layout_basic
D:6:      layout_loops_cross, uniq_pikel, uniq_grinder, uniq_blork_the_orc
D:7:      layout_basic, mainiacjoe_overflow_large_starburst, serial_shops,
          nicolae_shop_stone, gammafunk_ghost_split
Temple:   minmay_temple_bridge_d

Skill      XL: |  1  2  3  4  5  6  7  8  9 |
---------------+----------------------------+-----
Short Blades   | 2 3 4 5 7 8 10 | 10.2
Armour         | 3 |  3.0
Throwing       | 1 |  1.1
Evocations     | 1 |  1.0
Stealth        | 1 |  1.0
Dodging        | 1 3 |  3.0
Fighting       | 5 7 |  7.6
Shields        | |  2.6

Action                     |  1- 3 |  4- 6 |  7- 9 || total
---------------------------+-------+-------+-------++-------
  Melee: Rapier            |    76 |    26 |    45 ||   147
         Dagger            |       |    82 |   183 ||   265
         Touch             |       |       |    37 ||    37
         Punch             |       |       |     4 ||     4
  Throw: Stone             |    14 |     1 |       ||    15
  Evoke: Wand              |     2 |       |       ||     2
    Use: Scroll            |     7 |     4 |     2 ||    13
         Potion            |     1 |     7 |     1 ||     9
   Stab: Paralysed         |     7 |       |       ||     7
         Invisible         |       |     1 |       ||     1
         Sleeping          |       |     1 |     1 ||     2
 Armour: Scale mail        |    22 |       |       ||    22
         Ring mail         |    14 |    52 |   124 ||   190
  Dodge: Dodged            |    24 |    27 |   141 ||   192
  Block: Buckler           |    13 |    25 |    12 ||    50

Table legend: (Time is in decaauts)
 A = Elapsed time spent in this place.
 B = Non-inter-level travel time spent in this place.
 C = Inter-level travel time spent in this place.
 D = Time resting spent in this place.
 E = Time spent auto-exploring this place.
 F = Levels seen in this place.
 G = Mean time per level.
                   A        B        C        D        E       F      G
               +--------+--------+--------+--------+--------+-----+--------+
         Total |   7543 |   6475 |   1068 |    850 |   4154 |   8 |  942.9 |
       Dungeon |   7542 |   6474 |   1068 |    850 |   4154 |   7 | 1077.4 |
        Temple |      1 |      1 |      0 |      0 |      0 |   1 |    1.0 |
               +--------+--------+--------+--------+--------+-----+--------+

Top non-repeatable levels by time:
     D:3: 1413 daAuts
     D:4: 1232 daAuts
     D:2: 1220 daAuts
     D:1: 1031 daAuts
     D:5: 999 daAuts
     D:6: 995 daAuts
     D:7: 650 daAuts
  Temple: 1 daAuts
